 Dungeon Crawl Stone Soup version 0.21-a0-241-g2cbab09 (webtiles) character file.

9800 tidbits the Fighter (level 11, -6/111 HPs)
             Began as a Demigod Wanderer on Sept 3, 2017.
             Mangled by a death yak (17 damage)
             ... on level 1 of the Lair of Beasts.
             The game lasted 00:55:51 (4260 turns).

tidbits the Fighter (Demigod Wanderer)              Turns: 4260, Time: 00:55:52

Health: -6/111     AC:  9    Str: 18    XL:     11   Next: 7%
Magic:  0/24       EV: 18    Int: 21    God:
Gold:   392        SH:  0    Dex: 17    Spells: 4/22 levels left

rFire    + . .     SeeInvis +   a - +8 rapier of Qemung {speed, rC+ Str+4}
rCold    + . .     Gourm    .   (no shield)
rNeg     . . .     Faith    .   B - +3 leather armour {rPois}
rPois    +         Spirit   +   (no helmet)
rElec    .         Reflect  .   C - +0 cloak
rCorr    .         Harm     .   G - +0 pair of gloves
MR       +....                  F - +0 pair of boots
Stlth    ++........             D - amulet of guardian spirit
HPRegen  0.28/turn              I - ring of see invisible
MPRegen  0.19/turn              E - ring of flight

@: very slightly contaminated
A: fire resistance 1, high mp 1, robust 1
a: Evoke Flight


You were on level 1 of the Lair of Beasts.
You were not hungry.

You visited 2 branches of the dungeon, and saw 11 of its levels.

You collected 392 gold pieces.

Inventory:

Hand Weapons
 a - the +8 rapier of Qemung (weapon) {speed, rC+ Str+4}
   (You found it on level 4 of the Dungeon)

   Attacks with this weapon are significantly faster.
   It affects your strength (+4).
   It protects you from cold.
 b - a +0 shortbow
 e - a +2 short sword of electrocution
   (You took it off an orc on level 7 of the Dungeon)
 h - a +0 broad axe
 v - a +2 scimitar of flaming
   (You took it off Erica on level 2 of the Lair of Beasts)
 A - a +2 hand axe of flaming
   (You found it on level 4 of the Dungeon)
 R - a +3 whip of electrocution
   (You took it off Pikel on level 7 of the Dungeon)
Missiles
 c - 128 arrows
 n - 10 tomahawks (quivered)
 O - 2 throwing nets {!f}
 X - 3 tomahawks of dispersal {!f}
Armour
 u - a +0 troll leather armour
 B - a +3 leather armour of poison resistance (worn)
   (You took it off Eustachio on level 4 of the Dungeon)
 C - a +0 cloak (worn)
 F - a +0 pair of boots (worn)
 G - a +0 pair of gloves (worn)
 W - +0 acid dragon scales
 Y - a +2 leather armour of cold resistance
   (You took it off an orc on level 7 of the Dungeon)
Magical Staves
 Z - an uncursed staff of conjuration {!a}
   (You found it on level 8 of the Dungeon)
Jewellery
 t - an uncursed ring of fire
   (You took it off an orc on level 8 of the Dungeon)
 D - an amulet of guardian spirit (around neck)
   (You found it on level 4 of the Dungeon)
 E - a ring of flight (right hand)
   (You took it off a gnoll on level 4 of the Dungeon)
 I - a ring of see invisible (left hand)
   (You found it on level 7 of the Dungeon)
Wands
 m - a wand of polymorph (14/24)
 o - a wand of lightning (5/15)
 z - a wand of random effects (15/48)
 P - a wand of disintegration (24/24)
 T - a wand of lightning (8/15)
Scrolls
 i - a scroll of brand weapon {unknown}
 k - 2 scrolls of fear
 r - a scroll of identify
 J - 2 scrolls of teleportation
Potions
 d - a potion of lignification
 f - a potion of mutation {!q}
 p - a potion of magic
 q - a potion of might
 w - a potion of resistance {unknown}
 x - a potion of cancellation {unknown}
 L - a potion of degeneration {unknown}
 M - 2 potions of haste {unknown}
 N - a potion of invisibility {unknown}
 Q - a potion of curing {unknown}
Books
 l - a book of Air
   (You found it on level 2 of the Lair of Beasts)

   Spells                             Type                      Level
   a - Shock                          Conjuration/Air              1
   b - Swiftness                      Charms/Air                   2
   c - Static Discharge               Conjuration/Air              3
   d - Airstrike                      Air                          4
   e - Lightning Bolt                 Conjuration/Air              5
Comestibles
 g - 6 bread rations
 j - 4 royal jellies
 s - 4 chunks of flesh
 S - 6 meat rations


   Skills:
 - Level 10.3 Fighting
 - Level 2.8 Long Blades
   Level 1.7 Crossbows
 - Level 1.2 Throwing
 + Level 8.9 Dodging
 - Level 2.0 Stealth
   Level 1.0 Shields
 - Level 6.3 Spellcasting
 - Level 2.1 Conjurations
 - Level 3.6 Charms
 - Level 5.3 Necromancy
 - Level 2.2 Air Magic
 - Level 2.0 Poison Magic


You had 4 spell levels left.
You knew the following spells:

 Your Spells              Type           Power        Failure   Level  Hunger
b - Blink                 Tloc           N/A          17%         2    None
g - Shroud of Golubria    Chrm/Tloc      ##........   8%          2    None
m - Mephitic Cloud        Conj/Pois/Air  ###.....     14%         3    #......
n - Animate Skeleton      Necr           N/A          1%          1    None
r - Regeneration          Chrm/Necr      ####......   5%          3    #......
v - Vampiric Draining     Necr           ####......   3%          3    #......
N - Animate Dead          Necr           N/A          12%         4    ###....


Dungeon Overview and Level Annotations

Branches:
Dungeon (9/15)               Lair (2/6) D:8           Snake (0/4) Lair:2
 Temple: D:4-7        Swamp: Lair:2-4    Shoals: Lair:2-4       Orc: D:9-12

Shops:
D:5 [

Annotations:
D:3 Cenon's ghost, amateur DgTm
D:8 Prince Ribbit


Innate Abilities, Weirdness & Mutations

You have an increased reservoir of magic. (+10% MP)
Your flesh is heat resistant. (rF+)
You are robust. (+10% HP)


Message History

The death yak is moderately wounded.
You feel sick.
You hit the death yak.
The death yak is moderately wounded.
The death yak gores you!
Your shroud falls apart!
Your crocodile skeleton bites the death yak but does no damage.
You puncture the death yak!
The death yak is heavily wounded.
The death yak gores your crocodile skeleton.
The death yak gores your crocodile skeleton!!
Your crocodile skeleton is destroyed!
You puncture the death yak!
The death yak is severely wounded.
You feel sick. The death yak misses you.
Casting: Regeneration
Confirm with . or Enter, or press ? or * to list all spells.
Aiming: Vampiric Draining
Press: ? - help, Shift-Dir - straight line, f - death yak
Aim: a death yak (severely wounded)
The death yak is severely wounded.
You feel life coursing into your body. The death yak misses you. x2
Casting: Vampiric Draining
Confirm with . or Enter, or press ? or * to list all spells.
Aiming: Vampiric Draining
Press: ? - help, Shift-Dir - straight line, f/p - death yak
Aim: a death yak (severely wounded)
The death yak is almost dead.
You feel life coursing into your body.
You feel sick. The death yak completely misses you. The death yak misses you.
Casting: Vampiric Draining
Confirm with . or Enter, or press ? or * to list all spells.
You don't know that spell.
You barely miss the death yak.
The death yak is almost dead.
The death yak barely misses you.
You hit the death yak but do no damage.
The death yak is almost dead.
The death yak misses you. The death yak closely misses you.
You puncture the death yak!
The death yak is almost dead.
The death yak gores you! The death yak closely misses you.
You puncture the death yak!
You kill the death yak!
Your Spellcasting skill increases to level 6!
You feel sick. The death yak barely misses you.
Okay, then.
The death yak gores you!!
You feel sick.
Your skin is crawling a little less now.
You feel sick.
Your skin stops crawling.
You feel sick.
Casting: Vampiric Draining
Confirm with . or Enter, or press ? or * to list all spells.
Your skin crawls.
The death yak gores you!
You hit the death yak.
The death yak is lightly wounded.
The death yak closely misses you.
You puncture the death yak!
The death yak is lightly wounded.
The death yak barely misses you.
You hit the death yak.
The death yak is moderately wounded.
You puncture the death yak!
The death yak is moderately wounded.
You feel sick.
You are no longer poisoned.
The death yak completely misses you.
You hit the death yak.
The death yak is moderately wounded.
The death yak gores you!!
* * * LOW HITPOINT WARNING * * *
You puncture the death yak!
The death yak is heavily wounded.
The death yak gores you!
* * * LOW HITPOINT WARNING * * *
There is a stone staircase leading up here.
The death yak completely misses you.
You climb upwards.
Your skin is crawling a little less now.
There is a stone staircase leading down here.
Your skin stops crawling.
The death yak gores you!
* * * LOW HITPOINT WARNING * * *
The death yak gores you!!
* * * LOW HITPOINT WARNING * * *
Found 27 gold pieces.
Okay, then.
Casting: Regeneration
Confirm with . or Enter, or press ? or * to list all spells.
You don't have enough magic to cast that spell.
Found an escape hatch in the floor.
Found a scroll labeled KEETOY TYSALEU.
Casting: Regeneration
Confirm with . or Enter, or press ? or * to list all spells.
You miscast Blink.
You are very lightly contaminated with residual magic.
Nothing appears to happen.
The death yak gores you!
You die...

......#####
...........####.
.................
................?
#...............
#...............
#......$........
#......@$......
##.....Y......##
#............>#
#.............#
####.............#
#..##............#
#.##..............
#.................
##.#...............


You could see a death yak.

Vanquished Creatures
  Erica (Lair:2)
  A death yak (Lair:2)
  An unseen horror (D:8)
  Pikel (D:7)
  An ugly thing (D:8)
  A troll (D:9)
  A meliai (D:8)
  A hippogriff (D:8)
  Grinder (D:4)
  2 wyverns (D:8)
  Grum (D:8)
  Eustachio (D:4)
  A hungry ghost (D:8)
  Edmund (D:6)
  Duvessa (D:4)
  An acid dragon (D:9)
  A water moccasin (Lair:2)
  3 porcupines
  3 orc warriors
  2 slaves (D:7)
  A sky beast (D:9)
  A phantom (D:7)
  4 ice beasts
  3 wolves (D:8)
  An eye of draining (D:9)
  3 centaurs
  4 ogres
  2 crocodiles
  A big kobold (D:8)
  2 bullfrogs
  Dowan (D:4)
  A water moccasin zombie (D:9)
  A wyvern skeleton (D:8)
  A scorpion (D:8)
  4 killer bees (D:7)
  2 centaur zombies
  A howler monkey (D:8)
  3 crimson imps
  A lava snake (Lair:2)
  2 jellies
  3 hounds
  2 bullfrog skeletons (D:8)
  8 orc priests
  2 gnoll shamans (D:8)
  5 orc wizards
  Jessica (D:2)
  Natasha (twice) (D:4)
  An iguana (D:8)
  7 worker ants
  2 hound zombies
  4 adders
  17 gnolls
  An ooze (D:1)
  An adder zombie (D:8)
  3 worms
  A dart slug (D:2)
  2 leopard geckos
  22 orcs
  3 giant cockroaches
  3 goblins
  3 hobgoblins
  21 jackals
  2 ball pythons (D:1)
  3 bats
  6 frilled lizards
  A kobold (D:1)
  2 rats
193 creatures vanquished.

Vanquished Creatures (collateral kills)
  A centaur warrior (D:8)
  A phantom (D:8)
  An ice beast (D:8)
  A lava snake (Lair:2)
  An iguana (D:8)
  A leopard gecko (D:8)
  2 orcs
  2 jackals (D:8)
  A kobold (D:9)
11 creatures vanquished.

Vanquished Creatures (others)
  A hound (D:7)
  A jackal (D:7)
  7 fungi (D:8)
9 creatures vanquished.

Grand Total: 213 creatures vanquished

Notes
Turn   | Place    | Note
-------+----------+-------------------------------------------
     0 | D:1      | tidbits the Demigod Wanderer began the quest for the Orb.
     0 | D:1      | tidbits set off with: a +2 falchion, a +0 shortbow, 19 arrows, a potion of lignification, a +0 robe, a +0 dagger, a bread ration
     0 | D:1      | Reached XP level 1. HP: 16/16 MP: 3/3
   236 | D:1      | Reached skill level 2 in Stealth
   280 | D:1      | Reached XP level 2. HP: 23/23 MP: 4/4
   414 | D:3      | Reached skill level 2 in Fighting
   446 | D:3      | Noticed Cenon's ghost (amateur DgTm)
   482 | D:2      | Noticed Jessica
   487 | D:2      | Killed Jessica
   487 | D:2      | Reached XP level 3. HP: 7/30 MP: 5/5
   560 | D:2      | HP: 3/30 [jackal (3)]
   624 | D:2      | Gained mutation: You are robust. (+10% HP) [potion of mutation]
   624 | D:2      | Gained mutation: Your flesh is heat resistant. (rF+) [potion of mutation]
   664 | D:2      | Reached skill level 3 in Fighting
  1057 | D:4      | Reached XP level 4. HP: 41/41 MP: 6/6
  1090 | D:4      | Got a bloodstained rapier
  1091 | D:4      | Identified the +8 rapier of Qemung {speed, rC+ Str+4} (You found it on level 4 of the Dungeon)
  1141 | D:4      | Noticed Natasha
  1148 | D:4      | Killed Natasha
  1157 | D:4      | Noticed Eustachio
  1183 | D:4      | Killed Eustachio
  1183 | D:4      | Reached skill level 5 in Fighting
  1183 | D:4      | Reached XP level 5. HP: 38/52 MP: 7/7
  1228 | D:4      | Noticed Natasha
  1240 | D:4      | Killed Natasha
  1356 | D:4      | Reached skill level 1 in Dodging
  1393 | D:4      | Noticed Duvessa
  1393 | D:4      | Noticed Dowan
  1394 | D:4      | Noticed Grinder
  1400 | D:4      | Killed Duvessa
  1400 | D:4      | Reached XP level 6. HP: 61/61 MP: 1/8
  1402 | D:4      | Killed Dowan
  1402 | D:4      | Reached skill level 2 in Dodging
  1408 | D:4      | Paralysed by Grinder for 3 turns
  1411 | D:4      | Killed Grinder
  1411 | D:4      | Reached skill level 6 in Fighting
  1411 | D:4      | Reached skill level 3 in Dodging
  1411 | D:4      | Reached XP level 7. HP: 69/69 MP: 2/9
  1567 | D:5      | Entered Level 5 of the Dungeon
  1719 | D:5      | Reached skill level 10 in Fighting
  1719 | D:5      | Reached skill level 8 in Dodging
  1719 | D:5      | Reached XP level 8. HP: 86/86 MP: 10/10
  1745 | D:5      | Found Teischu's Antique Armour Emporium.
  1819 | D:6      | Noticed Edmund
  1825 | D:6      | Killed Edmund
  1908 | D:7      | Learned a level 1 spell: Animate Skeleton
  1937 | D:7      | Learned a level 3 spell: Regeneration
  2072 | D:7      | Noticed Pikel
  2126 | D:7      | Reached skill level 1 in Spellcasting
  2126 | D:7      | Reached skill level 1 in Charms
  2126 | D:7      | Reached skill level 1 in Necromancy
  2267 | D:7      | Killed Pikel
  2267 | D:7      | Reached skill level 2 in Charms
  2267 | D:7      | Reached XP level 9. HP: 81/94 MP: 11/14
  2321 | D:7      | Reached skill level 2 in Necromancy
  2329 | D:7      | Reached skill level 2 in Spellcasting
  2754 | D:7      | Learned a level 3 spell: Vampiric Draining
  2778 | D:7      | Reached skill level 3 in Charms
  2812 | D:8      | Noticed an unseen horror
  2831 | D:8      | Killed an unseen horror
  2831 | D:8      | Reached skill level 3 in Spellcasting
  2831 | D:8      | Reached skill level 3 in Necromancy
  2877 | D:8      | Noticed Prince Ribbit
  2896 | D:8      | Reached skill level 4 in Necromancy
  2967 | D:8      | Reached XP level 10. HP: 68/103 MP: 6/18
  2997 | D:8      | Reached skill level 5 in Necromancy
  3052 | D:8      | Learned a level 4 spell: Animate Dead
  3055 | D:8      | Learned a level 2 spell: Blink
  3171 | D:8      | Learned a level 3 spell: Mephitic Cloud
  3175 | D:8      | Noticed a purple ugly thing
  3205 | D:8      | Killed a purple ugly thing
  3205 | D:8      | Reached skill level 1 in Air Magic
  3226 | D:8      | Noticed Grum
  3236 | D:8      | Reached skill level 1 in Conjurations
  3239 | D:8      | Reached skill level 1 in Poison Magic
  3257 | D:8      | Killed Grum
  3483 | D:8      | Noticed a centaur warrior
  3491 | D:8      | Killed a centaur warrior
  3491 | D:8      | Reached skill level 2 in Conjurations
  3491 | D:8      | Reached skill level 2 in Air Magic
  3491 | D:8      | Reached skill level 2 in Poison Magic
  3677 | D:9      | Reached skill level 4 in Spellcasting
  3974 | D:8      | Reached skill level 5 in Spellcasting
  3985 | D:8      | Found a staircase to the Lair.
  4009 | Lair:1   | Entered Level 1 of the Lair of Beasts
  4021 | Lair:1   | Learned a level 2 spell: Shroud of Golubria
  4109 | Lair:2   | Found a staircase to the Snake Pit.
  4151 | Lair:2   | Noticed Erica
  4178 | Lair:2   | Killed Erica
  4178 | Lair:2   | Reached XP level 11. HP: 103/111 MP: 9/23
  4192 | Lair:2   | Noticed a death yak
  4192 | Lair:2   | Noticed a death yak
  4192 | Lair:2   | Noticed a death yak
  4219 | Lair:2   | Killed a death yak
  4219 | Lair:2   | Reached skill level 6 in Spellcasting
  4252 | Lair:1   | HP: 9/111 [death yak (18)]
  4260 | Lair:1   | Mangled by a death yak

Vault maps used:
D:1:      dpeg_cavernosity
D:2:      uniq_jessica
D:3:      uniq_sigmund
D:4:      first_bread, serial_shops, kennysheep_mini, uniq_eustachio,
          uniq_duvessa, uniq_grinder, uniq_crazy_yiuf_cottage, uniq_natasha
D:5:      lemuel_doored_altar, minmay_temple_entry_glassed_door, serial_shops,
          shop
D:6:      hangedman_minor_gate_pass, uniq_edmund
D:7:      grunt_ogre_cave, minmay_crystal_water, uniq_pikel
D:8:      minmay_bloctagon, grunt_lair_entry_orc_guard_hut,
          minmay_pinched_square, uniq_grum, uniq_prince_ribbit1
D:9:      minmay_the_grid_net
Lair:1:   serial_bayou_shore_b, uniq_nergalle
Lair:2:   guppyfry_snake_entry_island, disabler_island, grunt_megastairs_5,
          uniq_erica

Skill      XL: |  1  2  3  4  5  6  7  8  9 10 11 |
---------------+----------------------------------+-----
Stealth        | 2 |  2.0
Fighting       | 2 3 5 6 10 | 10.3
Dodging        | 1 3 8 |  8.9
Spellcasting   | 1 3 5 6 |  6.3
Charms         | 2 3 |  3.6
Necromancy     | 1 4 5 |  5.3
Air Magic      | 2 |  2.2
Conjurations   | 2 |  2.1
Poison Magic   | 2 |  2.0
Long Blades    | |  2.8
Crossbows      | |  1.7
Throwing       | |  1.2
Shields        | |  1.0

Action                   |  1- 3 |  4- 6 |  7- 9 | 10-12 || total
-------------------------+-------+-------+-------+-------++-------
Melee: Falchion          |    46 |       |       |       ||    46
       Rapier            |       |    32 |   297 |   276 ||   605
 Fire: Shortbow          |    48 |    11 |    41 |    10 ||   110
Throw: Tomahawk          |       |       |     6 |       ||     6
 Cast: Animate Skeleton  |       |       |    12 |    20 ||    32
       Regeneration      |       |       |     9 |    16 ||    25
       Vampiric Draining |       |       |     1 |     7 ||     8
       Animate Dead      |       |       |       |     2 ||     2
       Shroud of Golubri |       |       |       |     2 ||     2
 Abil: Evoke Flight      |       |       |       |     1 ||     1
Evoke: Wand              |       |       |       |     2 ||     2
  Use: Scroll            |     5 |       |     2 |    10 ||    17
       Potion            |     2 |     3 |     1 |       ||     6
 Stab: Sleeping          |     1 |       |     2 |       ||     3
       Distracted        |       |       |       |     1 ||     1
  Eat: Chunk             |       |     2 |     6 |     5 ||    13
       Fruit             |       |       |       |     4 ||     4
Armor: Robe              |    11 |       |       |       ||    11
       Skin              |       |     9 |       |       ||     9
       Leather armour    |       |       |    37 |    41 ||    78
Dodge: Dodged            |    42 |    15 |   259 |   193 ||   509
       Rpst.: Falchion   |     9 |       |       |       ||     9

Table legend:
 A = Spawn XP
 B = Non-spawn XP
 C = Spawn XP percentage of total XP
 D = Spawn monster count
 E = Non-spawn monster count
 F = Spawn count percentage of total count
 G = Total turns spent on level
                    A         B        C        D         E        F      G
               +---------+---------+-------+---------+---------+-------+---------
         Total |     302 |   12762 |   2.3 |      12 |     190 |   5.9 |  4260
               +---------+---------+-------+---------+---------+-------+---------
           D:1 |       0 |      23 |   0.0 |       0 |      13 |   0.0 |   560
           D:2 |       5 |      77 |   6.1 |       1 |      15 |   6.2 |   400
           D:3 |       0 |       7 |   0.0 |       0 |       4 |   0.0 |    90
           D:4 |      57 |     812 |   6.6 |       5 |      13 |  27.8 |   517
           D:5 |       0 |     146 |   0.0 |       0 |      13 |   0.0 |   198
           D:6 |       0 |     196 |   0.0 |       0 |       2 |   0.0 |   200
           D:7 |     122 |    1931 |   5.9 |       1 |      42 |   2.3 |   712
           D:8 |     118 |    6358 |   1.8 |       5 |      65 |   7.1 |  1029
           D:9 |       0 |    1091 |   0.0 |       0 |      16 |   0.0 |   303
        Lair:2 |       0 |    2121 |   0.0 |       0 |       7 |   0.0 |   169
               +---------+---------+-------+---------+---------+-------+---------

Table legend:
 A = Turns spent in this place as a percentage of turns spent in the entire game.
 B = Non-inter-level travel turns spent in this place as a percentage of non-inter-level travel turns spent in the entire game.
 C = Inter-level travel turns spent in this place as a percentage of turns spent in this place.
 D = Turns resting spent in this place as a percentage of non-inter-level travel turns spent in this place.
 E = Turns spent auto-exploring this place as a percentage of non-inter-level travel turns spent in this place.
 F = Non-inter-level travel turns spent in this place divided by the number of levels of this place that you've seen.
                   A       B       C       D       E      F
               +-------+-------+-------+-------+-------+----------------------
         Total | 100.0 | 100.0 |   4.6 |   0.0 |   0.0 | 369.3
       Dungeon |  94.1 |  93.8 |   4.9 |   0.0 |   0.0 | 423.4
          Lair |   5.9 |   6.2 |   0.0 |   0.0 |   0.0 | 125.5
               +-------+-------+-------+-------+-------+----------------------

Table legend:
 A = Kills in this place as a percentage of kills in entire the game.
 B = Kills by you in this place as a percentage of kills by you in the entire game.
 C = Kills by friends in this place as a percentage of kills by friends in the entire game.
 D = Other kills in this place as a percentage of other kills in the entire game.
 E = Experience gained in this place as a percentage of experience gained in the entire game.
 F = Experience gained in this place divided by the number of levels of this place that you have seen.
                   A       B       C       D       E      F
               +-------+-------+-------+-------+-------+----------------------
         Total | 100.0 | 100.0 | 100.0 |   N/A | 100.0 | 1187.6
       Dungeon |  96.5 |  96.9 |  90.9 |   N/A |  83.8 | 1215.9
          Lair |   3.5 |   3.1 |   9.1 |   N/A |  16.2 | 1060.5
               +-------+-------+-------+-------+-------+----------------------

Vault maps used:
D:1:      dpeg_cavernosity
D:2:      uniq_jessica
D:3:      uniq_sigmund
D:4:      first_bread, serial_shops, kennysheep_mini, uniq_eustachio,
          uniq_duvessa, uniq_grinder, uniq_crazy_yiuf_cottage, uniq_natasha
D:5:      lemuel_doored_altar, minmay_temple_entry_glassed_door, serial_shops,
          shop
D:6:      hangedman_minor_gate_pass, uniq_edmund
D:7:      grunt_ogre_cave, minmay_crystal_water, uniq_pikel
D:8:      minmay_bloctagon, grunt_lair_entry_orc_guard_hut,
          minmay_pinched_square, uniq_grum, uniq_prince_ribbit1
D:9:      minmay_the_grid_net
Lair:1:   serial_bayou_shore_b, uniq_nergalle
Lair:2:   guppyfry_snake_entry_island, disabler_island, grunt_megastairs_5,
          uniq_erica
